 Dungeon Crawl Stone Soup version 0.22-a0-570-g58866f5d57 (webtiles) character file.

1889 Kholdaimon the Magician (level 9, -2/103 HPs)
             Began as a Gnoll Skald on June 30, 2018.
             Slain by an orc warrior
             ... wielding a +0 hand axe
              (6 damage)
             ... on level 7 of the Dungeon.
             The game lasted 00:46:38 (8499 turns).

Kholdaimon the Magician (Gnoll Skald)               Turns: 8499, Time: 00:46:38

Health: -2/103     AC: 24    Str: 16    XL:     9   Next: 15%
Magic:  18/18      EV:  2    Int: 16    God:
Gold:   422        SH:  5    Dex: 15    Spells: 14/20 levels left

rFire    . . .     SeeInvis .   C - +0 long sword
rCold    . . .     Gourm    .   m - +0 buckler
rNeg     + + +     Faith    .   (armour currently unavailable)
rPois    +         Spirit   .   (helmet currently unavailable)
rElec    .         Reflect  .   (cloak currently unavailable)
rCorr    .         Harm     .   (gloves currently unavailable)
MR       .....     NoTele   +   (boots currently unavailable)
Stlth    +++.......             (no amulet)
HPRegen  0.27/turn              (no ring)
MPRegen  0.16/turn              (no ring)

@: tree-form
A: distributed training, strong nose
a: no special abilities


You were on level 7 of the Dungeon.
You were very hungry.
You were a tree.
You visited 2 branches of the dungeon, and saw 9 of its levels.

You collected 422 gold pieces.

Inventory:

Hand Weapons
 b - a +2 flail of protection
 c - a +0 hand crossbow
 n - a +0 hunting sling
 t - a +0 hunting sling
 v - a cursed -3 dagger
 C - a +0 long sword (weapon)
 L - the +8 rapier of Ravage {pierce, rPois Stlth+, unknown}
   (You found it on level 5 of the Dungeon)

   It inflicts extra damage upon your enemies.
   It protects you from poison.
   It makes you more stealthy.
 O - a +2 whip of draining
Missiles
 a - 10 tomahawks
 h - 222 stones (quivered)
 u - 55 sling bullets
 y - 32 poisoned needles
 D - 47 arrows
 E - 6 curare-tipped needles
 Q - 5 javelins of penetration
Armour
 e - a +2 helmet (melded)
 l - a +0 ring mail
 m - a +0 buckler (worn)
 o - a +3 leather armour
 p - a +0 pair of gloves (melded)
 x - a +0 pair of boots (melded)
 F - a +1 leather armour of fire resistance (melded)
 K - a +0 cloak
Jewellery
 f - a +3 ring of strength {unknown}
 k - an uncursed amulet of rage
Wands
 g - a wand of polymorph (5)
 P - a wand of paralysis (12)
Scrolls
 i - 2 scrolls of enchant weapon
 w - 4 scrolls of teleportation
 H - a scroll of brand weapon {unknown}
 I - a scroll of enchant armour {unknown}
 J - a scroll of identify
 M - a scroll of fear {unknown}
Potions
 j - a potion of agility
 q - 2 potions of cancellation
 s - a potion of mutation
 z - 3 potions of flight
 A - a potion of might {unknown}
 B - 2 potions of heal wounds {unknown}
 G - 3 potions of curing
 N - a potion of degeneration {unknown}
Comestibles
 d - 12 rations


   Skills:
 + Level 6.1 Fighting
 + Level 3.9 Short Blades
 + Level 6.1 Long Blades
 + Level 3.9 Axes
 + Level 3.9 Maces & Flails
 + Level 3.9 Polearms
 + Level 3.9 Staves
 + Level 3.9 Slings
 + Level 3.9 Bows
 + Level 3.9 Crossbows
 + Level 3.9 Throwing
 + Level 4.7 Armour
 + Level 6.1 Dodging
 + Level 3.9 Stealth
 + Level 3.9 Shields
 + Level 3.9 Unarmed Combat
 + Level 6.4 Spellcasting
 + Level 3.2 Conjurations
 + Level 3.2 Hexes
 + Level 6.4 Charms
 + Level 3.2 Summonings
 + Level 3.2 Necromancy
 + Level 3.2 Translocations
 + Level 3.2 Transmutations
 + Level 3.2 Fire Magic
 + Level 3.2 Ice Magic
 + Level 3.2 Air Magic
 + Level 3.2 Earth Magic
 + Level 3.2 Poison Magic
 + Level 4.2 Invocations
 + Level 3.9 Evocations


You had 14 spell levels left.
You knew the following spells:

 Your Spells              Type           Power        Failure   Level  Hunger
a - Infusion              Chrm           ####         1%          1    None
b - Shroud of Golubria    Chrm/Tloc      ###.......   2%          2    None
c - Regeneration          Chrm/Necr      ###.......   5%          3    ##.....

Your spell library contained the following spells:

 Spells                   Type           Power        Failure   Level  Hunger
 Song of Slaying          Chrm           ####....     1%          2    None
 Spectral Weapon          Hex/Chrm       ###.....     5%          3    ##.....


Dungeon Overview and Level Annotations

Branches:
Dungeon (8/15)             Temple (1/1) D:4
   Lair: D:8-11

Altars:
Ashenzari
Cheibriados
Dithmenos
Elyvilon
Fedhas
Gozag
Hepliaklqana
Kikubaaqudgha
Makhleb
Nemelex Xobeh
Ru
Sif Muna
Trog
Uskayaw
Wu Jian
Xom
Yredelemnul
The Shining One


Innate Abilities, Weirdness & Mutations

Your experience applies equally to all skills.
((You have very sharp teeth.))
Your uncanny sense of smell can sniff out nearby items.


Message History

You closely miss the orc warrior.
The orc warrior is severely wounded.
The orc hits you but does no damage.
You closely miss the orc warrior.
The orc warrior is severely wounded.
The orc warrior hits you with a hand axe.
* * * LOW HITPOINT WARNING * * *
The orc hits you but does no damage.
You barely miss the orc warrior.
The orc warrior is severely wounded.
The orc warrior hits you but does no damage.
The orc hits you but does no damage.
You closely miss the orc warrior.
The orc warrior is severely wounded.
The orc warrior hits you but does no damage.
The orc completely misses you.
You riposte.
You completely miss the orc.
You hit the orc warrior but do no damage.
The orc warrior is severely wounded.
The orc warrior hits you with a hand axe.
You die...

#############
........#...#
........#♣..# ∆ ######
o(..(((.oo..# .....#
........#...#
.....###########...# ##
.........#######...##..#
.........#..#...........
.........#..#...........
.........#..##.....##...
#####....#..##.....##...


You could see an orc warrior and an orc.

Vanquished Creatures
  Duvessa (D:4)
  2 ice beasts
  2 phantoms
  3 ogres
  A centaur (D:5)
  Dowan (D:4)
  A howler monkey (D:6)
  A jelly (D:6)
  5 orc priests
  3 hounds
  7 orc wizards
  A centaur skeleton (D:5)
  Natasha (D:3)
  2 iguanas
  6 worker ants
  A hound skeleton (D:4)
  7 gnolls (D:6)
  5 adders
  A shadow imp (D:6)
  3 oozes
  5 worms
  2 dart slugs
  7 leopard geckos
  38 orcs
  A ball python (D:3)
  4 giant cockroaches
  12 goblins
  10 hobgoblins
  2 jackals (D:1)
  10 bats
  4 frilled lizards
  8 kobolds
  7 rats
  3 plants (D:1)
167 creatures vanquished.

Notes
Turn   | Place    | Note
-------+----------+-------------------------------------------
     0 | D:1      | Kholdaimon the Gnoll Skald began the quest for the Orb.
     0 | D:1      | Reached XP level 1. HP: 20/20 MP: 6/6
    58 | D:1      | Reached XP level 2. HP: 26/26 MP: 7/7
   967 | D:2      | Reached XP level 3. HP: 30/31 MP: 9/9
  1099 | D:2      | Reached skill level 5 in Spellcasting
  1268 | D:2      | Found a hazy altar of Hepliaklqana.
  1280 | D:2      | Reached skill level 1 in Invocations
  1532 | D:2      | Reached skill level 1 in Short Blades
  1532 | D:2      | Reached skill level 1 in Axes
  1532 | D:2      | Reached skill level 1 in Maces & Flails
  1532 | D:2      | Reached skill level 1 in Polearms
  1532 | D:2      | Reached skill level 1 in Staves
  1532 | D:2      | Reached skill level 1 in Slings
  1532 | D:2      | Reached skill level 1 in Bows
  1532 | D:2      | Reached skill level 1 in Crossbows
  1532 | D:2      | Reached skill level 1 in Throwing
  1532 | D:2      | Reached skill level 1 in Stealth
  1532 | D:2      | Reached skill level 1 in Shields
  1532 | D:2      | Reached skill level 1 in Unarmed Combat
  1532 | D:2      | Reached skill level 1 in Evocations
  1532 | D:2      | Reached XP level 4. HP: 12/38 MP: 11/11
  2456 | D:3      | Found a faded altar of an unknown god.
  2716 | D:3      | Reached skill level 1 in Conjurations
  2716 | D:3      | Reached skill level 1 in Hexes
  2716 | D:3      | Reached skill level 1 in Summonings
  2716 | D:3      | Reached skill level 1 in Necromancy
  2716 | D:3      | Reached skill level 1 in Translocations
  2716 | D:3      | Reached skill level 1 in Transmutations
  2716 | D:3      | Reached skill level 1 in Fire Magic
  2716 | D:3      | Reached skill level 1 in Ice Magic
  2716 | D:3      | Reached skill level 1 in Air Magic
  2716 | D:3      | Reached skill level 1 in Earth Magic
  2716 | D:3      | Reached skill level 1 in Poison Magic
  3196 | D:4      | Noticed an ogre
  3229 | D:3      | Reached XP level 5. HP: 17/43 MP: 12/12
  3451 | D:4      | Noticed Natasha
  3453 | D:4      | Noticed Dowan
  3484 | D:3      | Killed Natasha
  3747 | D:4      | Noticed Duvessa
  3850 | D:4      | Learned a level 2 spell: Shroud of Golubria
  3854 | D:4      | Learned a level 3 spell: Regeneration
  3917 | D:4      | Killed an ogre
  3917 | D:4      | Reached XP level 6. HP: 50/50 MP: 2/13
  4437 | D:4      | Reached skill level 5 in Fighting
  4437 | D:4      | Reached skill level 5 in Long Blades
  4437 | D:4      | Reached skill level 5 in Dodging
  4790 | D:4      | Found a staircase to the Ecumenical Temple.
  4805 | Temple   | Entered the Ecumenical Temple
  4929 | D:4      | Reached XP level 7. HP: 47/56 MP: 5/15
  4953 | D:4      | Killed Duvessa
  4954 | D:4      | Killed Dowan
  5511 | D:5      | Entered Level 5 of the Dungeon
  5587 | D:5      | Reached XP level 8. HP: 52/63 MP: 4/16
  5964 | D:5      | Found a shattered altar of Ashenzari.
  6009 | D:5      | Found a blossoming altar of Fedhas.
  6909 | D:5      | Got a shimmering rapier
  7536 | D:6      | Found a snail-covered altar of Cheibriados.
  8162 | D:6      | Reached XP level 9. HP: 69/69 MP: 18/18
  8164 | D:6      | You fall through a shaft for 2 floors!
  8496 | D:7      | HP: 3/103 [orc warrior/hand axe (5)]
  8499 | D:7      | Slain by an orc warrior

Vault maps used:
D:1:      shiori_shiawase, serial_forest, infiniplex_forest_clump_small,
          infiniplex_forest_lined_room_, infiniplex_forest_zigzag_2,
          infiniplex_forest_corner_1, infiniplex_forest_pool,
          infiniplex_forest_clump_medium, infiniplex_forest_clump_small,
          lemuel_another_geyser
D:2:      nicolae_overflow_crystal_walls
D:3:      chequers_ecumenical_altar_island
D:4:      cheibrodos_greedy_goblins, minmay_temple_entry_trees, st_stairs_5,
          uniq_natasha, uniq_duvessa
D:5:      fedhas_altar_2, kennysheep_mini_moat, first_ration
D:6:      nicolae_overflow_hidden_temple, minivault_11, cheibrodos_worm_habitat
D:7:      hangedman_abyss_or_decor_passed, st_stairs_11, uniq_joseph
D:8:      cheibrodos_quashed, zin_angel, enter_bailey_3, serial_shops, shop
Temple:   nicolae_temple_great_sept

Skill      XL: |  1  2  3  4  5  6  7  8  9 |
---------------+----------------------------+-----
Spellcasting   | 5 6 |  6.4
Invocations    | 1 2 3 4 |  4.2
Short Blades   | 1 2 3 |  3.9
Axes           | 1 2 3 |  3.9
Maces & Flails | 1 2 3 |  3.9
Polearms       | 1 2 3 |  3.9
Staves         | 1 2 3 |  3.9
Slings         | 1 2 3 |  3.9
Bows           | 1 2 3 |  3.9
Crossbows      | 1 2 3 |  3.9
Throwing       | 1 2 3 |  3.9
Stealth        | 1 2 3 |  3.9
Shields        | 1 2 3 |  3.9
Unarmed Combat | 1 2 3 |  3.9
Evocations     | 1 2 3 |  3.9
Conjurations   | 1 2 3 |  3.2
Hexes          | 1 2 3 |  3.2
Summonings     | 1 2 3 |  3.2
Necromancy     | 1 2 3 |  3.2
Translocations | 1 2 3 |  3.2
Transmutations | 1 2 3 |  3.2
Fire Magic     | 1 2 3 |  3.2
Ice Magic      | 1 2 3 |  3.2
Air Magic      | 1 2 3 |  3.2
Earth Magic    | 1 2 3 |  3.2
Poison Magic   | 1 2 3 |  3.2
Armour         | 3 4 |  4.7
Fighting       | 5 6 |  6.1
Long Blades    | 5 6 |  6.1
Dodging        | 5 6 |  6.1
Charms         | 6 |  6.4

Action                   |  1- 3 |  4- 6 |  7- 9 || total
-------------------------+-------+-------+-------++-------
Melee: Falchion          |   274 |   133 |       ||   407
       Bite              |    55 |    21 |    59 ||   135
       Long sword        |       |    54 |   418 ||   472
       Punch             |       |     1 |       ||     1
Throw: Stone             |       |    34 |    63 ||    97
 Cast: Shroud of Golubri |       |     3 |     2 ||     5
       Infusion          |       |     3 |     2 ||     5
       Regeneration      |       |     2 |     2 ||     4
  Use: Scroll            |       |     9 |     6 ||    15
       Potion            |       |     1 |     1 ||     2
 Stab: Sleeping          |       |       |     3 ||     3
  Eat: Chunk             |     2 |     7 |     6 ||    15
       Ration            |       |     1 |     2 ||     3
Armor: Leather armour    |    26 |    25 |    94 ||   145
       Skin              |       |    35 |    28 ||    63
Dodge: Dodged            |    93 |   126 |   273 ||   492
Block: Buckler           |       |    16 |    99 ||   115
       Rpst.: Falchion   |    30 |    27 |       ||    57
       Long sword        |       |     8 |    78 ||    86

Table legend:
 A = Spawn XP
 B = Non-spawn XP
 C = Spawn XP percentage of total XP
 D = Spawn monster count
 E = Non-spawn monster count
 F = Spawn count percentage of total count
 G = Total turns spent on level
                    A         B        C        D         E        F      G
               +---------+---------+-------+---------+---------+-------+---------
         Total |       0 |    2699 |   0.0 |       0 |     164 |   0.0 |  8499
               +---------+---------+-------+---------+---------+-------+---------
           D:1 |       0 |      33 |   0.0 |       0 |      17 |   0.0 |   940
           D:2 |       0 |      56 |   0.0 |       0 |      20 |   0.0 |  1044
           D:3 |       0 |     109 |   0.0 |       0 |      25 |   0.0 |  1712
           D:4 |       0 |     780 |   0.0 |       0 |      40 |   0.0 |  1699
           D:5 |       0 |     915 |   0.0 |       0 |      27 |   0.0 |  1534
           D:6 |       0 |     462 |   0.0 |       0 |      31 |   0.0 |  1119
           D:7 |       0 |     208 |   0.0 |       0 |       3 |   0.0 |   226
           D:8 |       0 |     136 |   0.0 |       0 |       1 |   0.0 |   109
               +---------+---------+-------+---------+---------+-------+---------
